Map: The Vermillion Problem

Players

Meursault

  • Race: Terran Terran
  • Spawn Location: 11:00

ZPR

  • Race: Zerg Zerg
  • League: Master
  • Spawn Location: 11:00

VOD

Have the link to the VOD?

Description

Time

  • Played on: Sept. 23, 2017, 11:44 a.m.
  • Length: 22:35
Show
View Real Time Build Order
Export as new Build Order

Meursault Terran 

Build Orders:  

Get SALT Encoding   

Show
View Real Time Build Order
Export as new Build Order

ZPR Zerg 

Build Orders:  

Get SALT Encoding   

  12  0:04  Drone  
  13  0:17  Overlord  
  13  0:23  Drone  
  14  0:43  Drone x2  
  14  0:47  Drone  
  17  1:01  Drone  
  18  1:10  Spawning Pool  
  18  1:17  Drone  
  18  1:20  Extractor  
  17  1:31  Drone  
  17  1:36  Extractor  
  17  1:40  Queen  
  17  1:46  Evolution Chamber  
  17  1:49  Drone  
  19  2:01  Drone  
  20  2:16  Drone  
  21  2:26  Heroic Fortitude  
  21  2:31  Overlord  
  21  2:47  Drone  
  22  2:53  Zerg Melee Weapons Level 1  
  22  2:57  Lair  
  22  3:03  Drone  
  23  3:15  Drone x2  
  23  3:16  Drone x2  
  27  3:20  Drone  
  28  3:31  Overlord  
  28  4:02  Nydus Network  
  27  4:21  Chain Reaction  
  27  4:23  Overlord  
  27  4:24  Drone x5  
  32  4:52  Drone x2  
  32  4:53  Drone x3  
  32  4:55  Omega Worm  
  37  5:16  Hatchery  
  36  5:23  Drone x2  
  36  5:26  Zerg Melee Weapons Level 2  
  38  5:35  Zergling x6  
  38  5:38  Zergling x2  
  42  5:57  Zergling x4  
  42  5:58  Zergling x2  
  45  6:05  Zergling x2  
  45  6:06  Zergling x3  
  45  6:07  Zergling  
  45  6:08  Zergling x2  
  45  6:11  Zergling x2  
  45  6:12  Zergling  
  45  6:13  Zergling x2  
  45  6:15  Zergling x2  
  45  6:16  Zergling x4  
  45  6:17  Zergling x2  
  45  6:18  Hive  
  45  6:39  Drone  
  43  6:40  Drone x2  
  43  6:42  Hardened Carapace  
  43  6:46  Zergling x6  
  47  7:03  Nydus Network  
  47  7:06  Zerg Ground Armor Level 1  
  47  7:09  Metabolic Boost  
  46  7:13  Zergling x2  
  46  7:15  Zergling x3  
  46  7:16  Zergling  
  46  7:17  Zergling x3  
  46  7:18  Zergling x7  
  46  7:19  Zergling x3  
  46  7:20  Zergling x2  
  46  7:21  Zergling x12  
  46  7:22  Zergling  
  46  7:23  Zergling x2  
  46  7:25  Zergling  
  46  7:27  Zergling x7  
  50  7:36  Zergling x4  
  52  7:42  Zergling  
  52  7:43  Zergling x3  
  52  7:44  Zergling  
  52  7:45  Zergling  
  52  7:46  Zergling x3  
  52  7:47  Zergling x3  
  52  7:48  Overlord x2, Zergling  
  52  7:49  Zergling x3  
  52  7:53  Extractor  
  52  7:55  Extractor  
  52  7:59  Zergling x12  
  50  8:00  Zergling x11  
  50  8:01  Zergling x4  
  50  8:03  Zergling  
  50  8:04  Zergling x9  
  50  8:05  Zergling x8  
  50  8:16  Drone x2  
  50  8:17  Drone x7  
  58  8:21  Omega Worm  
  58  8:34  Ability Efficiency  
  58  8:59  Drone  
  59  9:01  Overlord x3  
  59  9:20  Nydus Network  
  59  9:22  Overlord  
  59  9:28  Drone x5  
  59  9:29  Drone x3, Zerg Melee Weapons Level 3  
  66  9:31  Drone  
  67  9:45  Pneumatized Carapace  
  67  9:46  Ultralisk Cavern  
  67  9:47  Overseer x2  
  66  9:53  Zergling x14  
  66  9:54  Zergling x10  
  66  9:55  Zergling  
  66  9:59  Zergling x20  
  66  10:00  Omega Worm, Zergling x3  
  66  10:01  Zergling x7  
  66  10:02  Zergling x11  
  66  10:03  Zergling x7  
  66  10:04  Zergling x7  
  66  10:05  Zergling x10  
  66  10:06  Zergling x3  
  66  10:07  Zergling x4  
  66  10:08  Zergling x8  
  66  10:09  Zergling x8  
  62  10:10  Zergling x9  
  66  10:11  Zergling x7  
  66  10:12  Zergling x16  
  66  10:13  Zergling x4  
  66  10:14  Zergling x4  
  66  10:15  Zergling x2  
  66  10:17  Zergling x8  
  66  10:18  Zergling x7  
  66  10:19  Zergling x6  
  63  10:20  Zergling x3  
  66  10:22  Zergling x3  
  66  10:24  Zergling x6  
  66  10:25  Zergling x3  
  66  10:26  Zergling x2  
  66  10:27  Zergling x3  
  66  10:28  Zergling x15  
  66  10:29  Zergling x6  
  77  10:31  Zergling x8  
  77  10:32  Zergling x7  
  77  10:33  Zergling  
  77  10:34  Zergling x5  
  77  10:35  Zergling x6  
  77  10:36  Zergling x13  
  77  10:37  Zergling x11  
  77  10:38  Zergling x11  
  77  10:39  Zergling x4  
  77  10:40  Zergling x4  
  77  10:41  Zergling x14  
  77  10:42  Zergling x4  
  77  10:43  Zergling x4  
  77  10:44  Zergling  
  77  10:45  Zergling x2  
  77  10:48  Zergling  
  77  10:49  Zergling x7  
  77  10:50  Zergling x8  
  77  10:51  Zergling x5  
  77  10:52  Zergling x6  
  77  10:53  Zergling x6  
  77  10:54  Zergling x5  
  77  10:55  Zergling x10  
  77  10:56  Zergling x3  
  77  10:57  Zergling x3  
  77  10:58  Zergling x3  
  77  10:59  Zergling x4  
  77  11:00  Zergling x6  
  77  11:01  Zergling x6  
  77  11:03  Zergling x21  
  77  11:04  Zergling x8  
  77  11:05  Chitinous Plating, Zergling  
  77  11:07  Zergling x14  
  77  11:08  Omega Worm, Zergling x4  
  77  11:09  Zergling x5  
  82  11:10  Zergling x5  
  82  11:11  Zergling x11  
  82  11:12  Zergling x6  
  82  11:14  Zergling x13  
  82  11:15  Zergling  
  82  11:16  Zergling x10  
  82  11:17  Zergling x5  
  82  11:18  Zergling  
  82  11:24  Zergling x8  
  82  11:25  Zergling x4  
  82  11:26  Zergling x5  
  82  11:27  Zergling x5  
  82  11:28  Zergling x4  
  82  11:29  Zergling x10  
  70  11:30  Omega Worm, Zergling x5  
  88  11:31  Zergling  
  88  11:32  Burrow Charge, Zergling x8  
  88  11:33  Zergling x13  
  88  11:34  Zergling x8  
  88  11:35  Zergling x9  
  88  11:36  Zergling x8  
  88  11:37  Zergling x5  
  88  11:38  Zergling x2  
  88  11:39  Zerg Ground Armor Level 2, Zergling x7  
  88  11:40  Zergling x3  
  88  11:41  Zergling x12  
  88  11:42  Zergling  
  88  11:43  Zergling x5  
  88  11:44  Zergling x4  
  88  11:45  Zergling x2  
  88  11:46  Zergling x4  
  88  11:47  Zergling x13  
  88  11:48  Zergling x14  
  88  11:49  Zergling x6  
  72  11:50  Zergling x14  
  92  11:51  Zergling x11  
  92  11:52  Zergling x9  
  92  11:53  Zergling x6  
  92  11:54  Zergling x5  
  92  11:55  Overlord x2, Zergling x15  
  92  11:56  Zergling x3  
  92  11:57  Zergling x22  
  92  11:58  Zergling  
  92  11:59  Zergling x6  
  91  12:00  Tissue Assimilation, Zergling x19  
  91  12:01  Zergling x14  
  91  12:02  Zergling x12  
  91  12:03  Zergling x13  
  91  12:04  Zergling x10  
  91  12:05  Zergling x5  
  91  12:06  Zergling x9  
  91  12:07  Zergling x19  
  91  12:08  Zergling x10  
  91  12:09  Zergling x13  
  91  12:10  Zergling x12  
  91  12:11  Zergling x7  
  91  12:12  Zergling x2  
  91  12:13  Overlord x3, Zergling  
  91  12:14  Zergling x18  
  91  12:15  Zergling x7  
  91  12:16  Overlord x2, Zergling x2  
  91  12:19  Zergling  
  90  12:20  Queen, Zergling x7  
  90  12:21  Zergling x24  
  90  12:22  Zergling x11  
  90  12:23  Zergling x12  
  90  12:24  Zergling x17  
  90  12:25  Zergling x12  
  90  12:26  Zergling x10  
  90  12:27  Zergling x10  
  90  12:28  Zergling x8  
  90  12:29  Zergling x6  
  91  12:30  Zergling x6  
  91  12:31  Zergling x14  
  91  12:32  Zergling x11  
  91  12:33  Zergling x9  
  91  12:34  Zergling x7  
  91  12:35  Zergling x12  
  91  12:36  Zergling x7  
  91  12:37  Zergling x11  
  91  12:38  Zergling  
  91  12:41  Zergling  
  91  12:42  Zergling  
  91  12:44  Zergling  
  91  12:46  Zergling  
  91  12:47  Zergling x3  
  91  12:48  Zergling x5  
  91  12:49  Zergling x8  
  78  12:50  Zergling x7  
  91  12:51  Zergling x10  
  91  12:52  Zergling x10  
  91  12:53  Zergling x9  
  91  12:54  Zergling x19  
  91  12:55  Zergling x6  
  91  12:57  Zergling  
  91  12:58  Zergling x2  
  91  12:59  Zergling x10  
  95  13:00  Zergling x2  
  95  13:01  Zergling  
  95  13:02  Omega Worm, Zergling  
  95  13:03  Zergling x5  
  95  13:04  Zergling x4  
  95  13:05  Zergling  
  95  13:06  Zergling  
  95  13:07  Zergling  
  95  13:08  Zergling x10  
  95  13:09  Zergling x7  
  91  13:10  Zergling x8  
  91  13:11  Zergling x8  
  91  13:12  Zergling x8  
  91  13:13  Ultralisk, Zergling x8  
  91  13:14  Ultralisk x2, Zergling x4  
  91  13:15  Zergling x2  
  91  13:16  Zergling x7  
  91  13:17  Zergling  
  91  13:18  Zergling x8  
  91  13:19  Zergling x8  
  105  13:20  Zergling x7  
  105  13:25  Zergling x7  
  105  13:26  Zergling  
  105  13:27  Zergling x5  
  105  13:28  Zergling x10  
  105  13:29  Zergling x5  
  93  13:30  Zergling x5  
  93  13:31  Omega Worm, Zergling x2  
  93  13:33  Zergling  
  93  13:34  Zergling x9  
  93  13:36  Zergling x9  
  93  13:39  Zergling x2  
  83  13:42  Zergling x2  
  83  13:43  Ultralisk, Zergling  
  83  13:44  Ultralisk x4, Zergling  
  83  13:46  Zergling x6  
  83  13:49  Zergling x5  
  84  13:50  Zergling x4  
  112  13:54  Zergling x2  
  112  13:56  Zergling  
  112  14:00  Zergling x2  
  112  14:02  Omega Worm  
  112  14:05  Zergling  
  112  14:06  Omega Worm  
  108  14:11  Zergling  
  108  14:17  Ultralisk x2  
  119  14:53  Ultralisk  
  119  14:55  Zergling x2  
  119  14:57  Ultralisk  
  119  14:58  Overlord x3  
  119  14:59  Overlord, Ultralisk  
  119  15:00  Overseer  
  119  15:08  Zerg Ground Armor Level 3  
  119  15:10  Overlord, Zergling  
  119  15:11  Overlord  
  119  15:13  Zergling  
  119  15:14  Omega Worm  
  119  15:25  Zergling x3  
  119  15:28  Zergling  
  119  15:29  Zergling  
  119  15:30  Zergling  
  119  15:39  Zergling x2  
  118  15:41  Zergling  
  118  15:42  Ultralisk x3  
  136  15:52  Zergling x3  
  136  15:53  Zergling  
  135  16:04  Zergling  
  135  16:06  Zergling  
  135  16:09  Zergling x2  
  134  16:11  Ultralisk x2  
  134  16:13  Zergling x12  
  134  16:14  Omega Worm, Zergling x4  
  134  16:15  Zergling x2  
  134  16:17  Zergling  
  134  16:18  Zergling  
  154  16:20  Omega Worm  
  154  16:23  Omega Worm  
  154  16:24  Zergling x3  
  154  16:25  Zergling x5  
  154  16:26  Zergling x9  
  154  16:27  Zergling x9  
  154  16:28  Zergling x2  
  154  16:29  Zergling x2  
  153  16:30  Zergling  
  153  16:31  Zergling x7  
  153  16:32  Zergling x5  
  153  16:33  Zergling x4  
  153  16:34  Zergling x7  
  153  16:35  Zergling x4  
  153  16:36  Zergling x2  
  153  16:37  Zergling x5  
  153  16:38  Zergling x3  
  153  16:39  Zergling  
  153  16:44  Zergling x3  
  153  16:45  Zergling x5  
  153  16:46  Zergling x6  
  153  16:47  Zergling x6  
  153  16:49  Zergling x3  
  153  16:50  Zergling  
  153  16:57  Zergling x4  
  153  16:58  Zergling x2  
  156  17:07  Overlord x4  
  156  17:08  Overlord  
  156  17:15  Ultralisk, Zergling  
  156  17:16  Omega Worm, Zergling  
  153  17:21  Zergling x2  
  153  17:22  Zergling x4  
  153  17:23  Zergling  
  156  17:32  Zergling  
  156  17:35  Zergling x5  
  156  17:36  Zergling  
  156  17:37  Zergling x5  
  156  17:38  Zergling x2  
  156  17:39  Zergling x20  
  164  17:40  Zergling  
  164  17:41  Zergling x2  
  164  17:42  Zergling x4  
  164  17:43  Zergling  
  164  17:44  Zergling x4  
  162  17:52  Zergling x4  
  162  17:55  Zergling x2  
  162  17:56  Zergling x6  
  162  17:57  Omega Worm  
  162  17:58  Zergling x4  
  163  18:02  Zergling x3  
  163  18:21  Omega Worm  
  163  18:23  Zergling  
  163  18:24  Zergling  
  163  18:28  Zergling  
  163  18:29  Zergling  
  163  18:31  Zergling x2  
  163  18:40  Zergling x8  
  163  18:41  Zergling x12  
  163  18:42  Zergling x7  
  163  18:43  Zergling x13  
  163  18:44  Zergling x5  
  163  18:45  Zergling x4  
  163  18:46  Zergling  
  163  18:47  Zergling x2  
  163  18:48  Zergling x12  
  163  18:49  Zergling x19  
  170  18:50  Zergling x3  
  170  18:51  Zergling x12  
  170  18:52  Zergling x4  
  170  18:53  Zergling  
  170  18:58  Zergling x2  
  170  19:00  Zergling  
  170  19:01  Zergling  
  170  19:02  Omega Worm, Zergling x2  
  170  19:03  Zergling  
  170  19:04  Zergling  
  170  19:05  Zergling  
  170  19:09  Zergling  
  170  19:11  Zergling  
  170  19:12  Zergling  
  170  19:13  Zergling  
  170  19:15  Zergling  
  170  19:16  Zergling x5  
  170  19:17  Zergling x3  
  170  19:20  Overseer x4  
  170  19:27  Zergling  
  170  19:28  Zergling x2  
  170  19:29  Zergling  
  170  19:33  Zergling x2  
  170  19:34  Zergling  
  170  19:36  Zergling  
  170  20:29  Zergling x6  
  169  20:30  Zergling x2  
  169  20:31  Zergling x9  
  169  20:32  Zergling x8  
  169  20:33  Zergling x7  
  169  20:34  Zergling x14  
  169  20:35  Zergling x7  
  169  20:36  Zergling x7  
  169  20:37  Zergling x4  
  169  20:38  Zergling x4  
  169  20:39  Zergling x7  
  168  20:40  Ultralisk x2, Zergling x3  
  168  20:41  Ultralisk, Zergling x3  
  168  20:47  Zergling x3  
  168  20:49  Zergling x2  
  167  20:50  Zergling x4  
  167  20:51  Zergling  
  167  20:52  Zergling x3  
  167  20:53  Ultralisk, Zergling x8  
  167  20:54  Zergling x7  
  167  20:55  Zergling x4  
  167  20:56  Zergling x5  
  167  20:58  Zergling x3  
  167  20:59  Zergling x2  
  166  21:06  Zergling  
  166  21:08  Zergling  
  154  21:24  Omega Worm  
Tags
 
Add a new tag
Caveats
  • Supply blocks, unpowered buildings, or Contaminate may cause inaccurate times.
  • Supply counts are checked every 10 seconds.